 Dungeon Crawl Stone Soup version 0.29.0-7-g18a832c13a (webtiles) character file.

Game seed: 6065192717417537516

631255 ExZ the Hoplite (level 26, -11/310 HPs)
             Began as a Red Draconian Fire Elementalist on Aug 30, 2022.
             Was the Champion of Vehumet.
             Killed from afar by a red draconian scorcher (21 damage)
             ... with damnation
             ... led by Tiamat
             ... on level 4 of the Realm of Zot on Aug 31, 2022.
             The game lasted 03:57:26 (85906 turns).

ExZ the Hoplite (Red Draconian Fire Elementalist)  Turns: 85906, Time: 03:57:27

Health: -11/310    AC: 30    Str: 22    XL:     26   Next: 79%
Magic:  30/51      EV: 26    Int: 21    God:    Vehumet [******]
Gold:   8003       SH: 38    Dex: 20    Spells: 19/53 levels left

rFire   + + +      SeeInvis +     - Unarmed
rCold   . . .      Faith    .   Z - +8 tower shield {reflect}
rNeg    + . .      Spirit   .   (body armour unavailable)
rPois   ∞          Reflect  +   k - +3 hat of Pondering {ponderous, Will+ MP+10 Int+5}
rElec   +          Harm     .   C - +1 cloak "Pabacso" {rElec rF++ Regen+ Int-4}
rCorr   .          Rampage  .   (gloves currently unavailable)
Will    ++++.                   (boots currently unavailable)
Stlth   ++........              D - amulet of reflection
HPRegen 0.00/turn               q - ring of Wukloc {Fire Str+6 Slay+6 Stlth-}
MPRegen 0.32/turn               K - ring of the Insatiable Hosts {Contam rC+ Dex+6 Slay+2}

@: lethally poisoned (-11 -> -11), statue-form, inhibited regen, studying 2
skills, very slow
A: slow and powerful, torment resistance 1, boosted hp, (breathe fire), AC +12,
unfitting armour, fire resistance 1, cold-blooded, horns 1, thin skeletal
structure 1, see invisible, clumsy 1, strong-willed 2, screaming 1, inhibited
regeneration, no potion heal 1, subdued magic 2
}: 4/15 runes: serpentine, barnacled, slimy, silver
a: End Transformation, Renounce Religion


You were on level 4 of the Realm of Zot.
You worshipped Vehumet.
Vehumet was exalted by your worship.
You were a living statue of rough stone.
You visited 10 branches of the dungeon, and saw 51 of its levels.
You visited the Abyss 1 time.
You also visited: Bailey, Ice Cave and Volcano.

You collected 10163 gold pieces.
You spent 2160 gold pieces at shops.

Inventory:

Missiles
 h - 2 throwing nets
Armour
 k - the +3 hat of Pondering (worn) {ponderous, Will+ MP+10 Int+5}
   (You found it on level 13 of the Dungeon)

   Int:       It affects your intelligence (+5).
   MP:        It affects your magic capacity (+10).
   Will:      It increases your willpower.
 A - a +1 kite shield of poison resistance
 C - the +1 cloak "Pabacso" (worn) {rElec rF++ Regen+ Int-4}
   (You bought it in a shop on level 3 of the Elven Halls)

   Int:       It affects your intelligence (-4).
   rF:        It greatly protects you from fire.
   rElec:     It insulates you from electricity.
   Regen:     It increases your rate of health regeneration.
 R - a +2 pair of gloves of strength (melded)
 Y - a +2 pair of boots of flying (melded)
 Z - a +8 tower shield of reflection (worn)
Jewellery
 q - the ring of Wukloc (left fist) {Fire Str+6 Slay+6 Stlth-}
   (You took it off a deep elf zephyrmancer on level 1 of the Elven Halls)

   [ring of fire]

   It enhances your fire magic.
   Str:       It affects your strength (+6).
   Slay:      It affects your accuracy & damage with ranged weapons and melee
   (+6).
   rF:        It protects you from fire.
   rC:        It makes you vulnerable to cold.
   Stlth:     It makes you less stealthy.
 D - an amulet of reflection (around neck)
 K - the ring of the Insatiable Hosts (right fist) {Contam rC+ Dex+6 Slay+2}
   (You acquired it on level 2 of the Lair of Beasts)

   [ring of dexterity]

   Dex:       It affects your dexterity (+6).
   Slay:      It affects your accuracy & damage with ranged weapons and melee
   (+2).
   rC:        It protects you from cold.
   Contam:    It causes magical contamination when unequipped.
 W - the amulet "Wiych" {Spirit rElec rF+ rCorr Slay-6}
   (You found it on level 1 of the Vaults)

   [amulet of guardian spirit]

   It causes incoming damage to be divided between your reserves of health and
   magic.
   Slay:      It affects your accuracy & damage with ranged weapons and melee
   (-6).
   rF:        It protects you from fire.
   rElec:     It insulates you from electricity.
   rCorr:     It protects you from acid and corrosion.
Wands
 f - a wand of flame (10)
 i - a wand of acid (14)
 s - a wand of paralysis (27)
 N - a wand of digging (12)
 Q - a wand of iceblast (27)
 U - a wand of mindburst (9)
Scrolls
 b - 6 scrolls of poison
 c - 13 scrolls of vulnerability
 g - 7 scrolls of fog
 m - 3 scrolls of torment
 n - 3 scrolls of immolation
 o - 2 scrolls of silence
 t - 6 scrolls of enchant armour
 w - 7 scrolls of magic mapping
 y - 5 scrolls of enchant weapon
 B - 5 scrolls of noise
 H - a scroll of blinking
 L - 5 scrolls of amnesia
 O - a scroll of summoning
 S - 7 scrolls of teleportation
 V - 6 scrolls of fear
Potions
 a - 10 potions of magic
 d - 3 potions of invisibility
 e - 10 potions of attraction
 j - 5 potions of might
 l - 7 potions of haste
 r - 8 potions of lignification
 u - 4 potions of berserk rage
 v - 5 potions of brilliance
 F - 20 potions of curing
 G - 6 potions of flight
 I - 7 potions of resistance
 M - 3 potions of ambrosia
 P - 3 potions of cancellation
Miscellaneous
 J - a tin of tremorstones (inert)
 T - a box of beasts
 X - a condenser vane (inert)


   Skills:
 - Level 20.0 Fighting
 - Level 20.0 Dodging
 - Level 1.7 Stealth
 + Level 24.1 Shields
 - Level 20.0 Unarmed Combat
 - Level 14.2 Spellcasting
 - Level 12.0 Conjurations
 - Level 16.0 Transmutations
 - Level 10.0 Fire Magic
 - Level 14.0 Earth Magic
 - Level 7.0 Evocations


You had 19 spell levels left.
You knew the following spells:

 Your Spells              Type           Power      Damage    Failure   Level
a - Fireball              Conj/Fire      27%        3d12      1%          5
b - Iron Shot             Conj/Erth      21%        9d5       1%          6
d - Irradiate             Conj/Tmut      23%        3d19      1%          5
e - Lee's Rapid Deconstr  Erth           23%        3d14*     1%          5
f - Dragon Form           Tmut           25%        N/A       4%          7
g - Statue Form           Tmut/Erth      32%        N/A       1%          6

Your spell library contained the following spells:

 Spells                   Type           Power      Damage    Failure   Level
 Shatter                  Erth           23%        3d20*     97%         9
 Foxfire                  Conj/Fire      100%       2x1d9     0%          1
 Magic Dart               Conj           100%       1d8       0%          1
 Sandblast                Erth           92%        2d19      0%          1
 Passwall                 Tmut/Erth      40%        N/A       0%          2
 Searing Ray              Conj           80%        2d7       0%          2
 Wereblood                Tmut           50%        N/A       0%          2
 Stone Arrow              Conj/Erth      86%        3d12      0%          3
 Shock                    Conj/Air       100%       1d9       1%          1
 Scorch                   Fire           100%       2d10      1%          2
 Static Discharge         Conj/Air       25%        3-7/arc   1%          2
 Conjure Flame            Conj/Fire      55%        6-21      1%          3
 Dazzling Flash           Conj/Hex       50%        N/A       1%          3
 Ignite Poison            Fire/Tmut/Pois 48%        N/A       1%          3
 Inner Flame              Hex/Fire       33%        N/A       1%          3
 Mephitic Cloud           Conj/Pois/Air  19%        N/A       1%          3
 Spider Form              Tmut/Pois      30%        N/A       1%          3
 Flame Wave               Conj/Fire      55%        2d13      1%          4
 Fulminant Prism          Conj/Hex       12%        3d9       1%          4
 Hailstorm                Conj/Ice       25%        3d7       1%          4
 Ice Form                 Ice/Tmut       30%        N/A       1%          4
 Leda's Liquefaction      Hex/Erth       13%        N/A       1%          4
 Petrify                  Tmut/Erth      48%        N/A       1%          4
 Sticky Flame             Conj/Fire      55%        2d7       1%          4
 Blade Hands              Tmut           25%        N/A       1%          5
 Iskenderun's Battlesphe  Conj           40%        2d9       1%          5
 Yara's Violent Unravell  Hex/Tmut       15%        3d8       1%          5
 Starburst                Conj/Fire      27%        6d9       1%          6
 Lightning Bolt           Conj/Air       12%        1d26      2%          5
 Slow                     Hex            36%        N/A       3%          1
 Frozen Ramparts          Ice            18%        1d3       3%          3
 Ensorcelled Hibernation  Hex/Ice        18%        N/A       5%          2
 Sublimation of Blood     Necr           9%         N/A       5%          2
 Borgnjor's Vile Clutch   Necr/Erth      13%        N/A       5%          5
 Freezing Cloud           Conj/Ice/Air   9%         6-21      6%          5
 Eringya's Noxious Bog    Tmut/Pois      15%        N/A       7%          6
 Orb of Destruction       Conj           20%        9d8       7%          7
 Call Canine Familiar     Summ           9%         N/A       12%         3
 Confusing Touch          Hex            9%         N/A       12%         3
 Gell's Gravitas          Tloc           9%         N/A       12%         3
 Lesser Beckoning         Tloc           9%         N/A       12%         3
 Ozocubu's Armour         Ice            9%         N/A       12%         3
 Portal Projectile        Hex/Tloc       18%        N/A       12%         3
 Swiftness                Air            9%         N/A       12%         3
 Teleport Other           Tloc           9%         N/A       12%         3
 Vampiric Draining        Necr           9%         2d6       12%         3
 Airstrike                Air            4%         2d(1-17)  12%         4
 Conjure Ball Lightning   Conj/Air       12%        3x3d6     16%         6
 Lehudib's Crystal Spear  Conj/Erth      21%        10d6      36%         8
 Anguish                  Hex/Necr       4%         N/A       41%         4
 Animate Dead             Necr           9%         N/A       41%         4
 Cause Fear               Hex            4%         N/A       41%         4
 Dispel Undead            Necr           9%         3d8       41%         4
 Summon Ice Beast         Ice/Summ       9%         N/A       41%         4
 Ignition                 Fire           26%        3d9       75%         8
 Agony                    Necr           9%         N/A       78%         5
 Metabolic Englaciation   Hex/Ice        4%         N/A       78%         5
 Silence                  Hex/Air        4%         N/A       78%         5
 Summon Forest            Summ/Tloc      4%         N/A       78%         5
 Summon Mana Viper        Hex/Summ       9%         N/A       78%         5
 Storm Form               Tmut/Air       15%        N/A       83%         7
 Death Channel            Necr           4%         N/A       100%        6
 Dispersal                Tloc           4%         N/A       100%        6
 Simulacrum               Ice/Necr       4%         N/A       100%        6
 Enfeeble                 Hex            4%         N/A       100%        7
 Malign Gateway           Summ/Tloc      4%         N/A       100%        7
 Monstrous Menagerie      Summ           4%         N/A       100%        7
 Ozocubu's Refrigeration  Ice            4%         4d8       100%        7
 Summon Hydra             Summ           4%         N/A       100%        7
 Borgnjor's Revivificati  Necr           4%         N/A       100%        8
 Discord                  Hex            4%         N/A       100%        8
 Disjunction              Tloc           4%         N/A       100%        8
 Infestation              Necr           4%         N/A       100%        8
 Necromutation            Tmut/Necr      15%        N/A       100%        8
 Chain Lightning          Conj/Air       12%        3d16      100%        9
 Death's Door             Necr           4%         N/A       100%        9
 Fire Storm               Conj/Fire      27%        8d7       100%        9
 Polar Vortex             Ice            4%         N/A       100%        9
 Animate Armour           Summ/Erth      Unusable   N/A       N/A         4

Dungeon Overview and Level Annotations

Branches:
Dungeon (15/15)            Temple (0/1) D:6            Lair (5/5) D:8
 Shoals (4/4) Lair:3        Snake (4/4) Lair:2        Slime (5/5) Lair:4
    Orc (2/2) D:9             Elf (3/3) Orc:2        Vaults (5/5) D:14
  Crypt (0/3) Vaults:3     Depths (4/4) D:15            Zot (4/5) Depths:4
 Bailey (visited)           IceCv (visited)         Volcano (visited)

Altars:
Cheibriados
Dithmenos
Elyvilon
Kikubaaqudgha
Makhleb
Qazlal
Sif Muna
Trog
Vehumet
Wu Jian
Xom
Zin
Jiyva

Shops:
D:1 (   D:9 ?*   Orc:2 =*[(   Elf:3 *   Snake:4 [   Vaults:3 [

Portals:
Hell: Depths:1 Depths:2 Depths:3 Depths:4
Abyss: Depths:3
Pandemonium: Depths:2 Depths:3 Depths:4
Ziggurat: Depths:1

Annotations:
D:9 2 transporters, kuniqs's ghost, journeyman SpEn
Lair:3 2 transporters, Loywebes's ghost, journeyman MiFi
Snake:3 Mara
Elf:1 3 runed translucent doors, hitsuchi's ghost, adept SpEn
Elf:2 4 runed translucent doors, dvd2's ghost, adept SpEn
Depths:1 1 runed translucent door, 2 transporters
Zot:4 Tiamat


Innate Abilities, Weirdness & Mutations

You are a living statue of rough stone.
Your actions are slow, but your melee attacks are powerful.
You are resistant to unholy torment.
Your maximum health is greatly increased.
You are immune to poison.
Your equipment is partially melded.
((You can breathe blasts of fire.))
((Your fiery red scales are hard. (AC +12)))
You cannot fit into any form of body armour.
Your flesh is heat resistant. (rF+)
You are cold-blooded and may be slowed by cold attacks.
You have a pair of small horns on your head.
You have a somewhat thin skeletal structure. (Dex +2, Stealth+)
You have supernaturally acute eyesight. (SInv)
You are clumsy. (Dex -2)
You are highly strong-willed. (Will++)
You occasionally shout uncontrollably at your foes.
You do not regenerate when monsters are visible.
Potions are less effective at restoring your health.
Your spells are easier to cast, but less powerful.


Message History

Casting: Fireball (mildly dangerous; 1% risk of failure)
Confirm with . or Enter, or press ? or * to list all spells.
Aiming: Fireball (mildly dangerous; 1% risk of failure)
Press: ? - help, Shift-Dir - straight line, f/p - Tiamat
Aim: Tiamat, wielding a +0 demon trident of flaming and wearing the +4 dragonskin cloak (almost dead, misshapen and mutated)
Okay, then.
Aiming: Corrosive Bolt
Press: ? - help, Shift-Dir - straight line, f - purple draconian shifter, p - Tiamat
Aim: a purple draconian shifter, wielding a +0 long sword and wearing a +0 cloak (heavily wounded, 54% to hit)
The bolt of acid hits Tiamat but does no damage.
Tiamat is almost dead.
The bolt of acid misses the purple draconian shifter.
You block Tiamat's attack.
Unknown command.
Unknown command.
Unknown command.
Unknown command.
Casting: Fireball (mildly dangerous; 1% risk of failure)
Confirm with . or Enter, or press ? or * to list all spells.
Aiming: Lee's Rapid Deconstruction (safe; 1% risk of failure)
Press: ? - help, Dir - move target A rock wall.
The wall shatters!
The blast of rock fragments hits the white draconian!
The white draconian is severely wounded.
The blast of rock fragments hits the yellow draconian annihilator but does no damage.
The blast of rock fragments hits Tiamat but does no damage.
Tiamat is almost dead.
The red draconian scorcher gestures at you while chanting.
The sphere of damnation explodes!
The damnation engulfs you!!
* * * LOW HITPOINT WARNING * * *
Tiamat barely misses you.
The black draconian knight breathes lightning at you.
The bolt of lightning hits Tiamat.
Tiamat completely resists.
The bolt of lightning misses you.
The yellow draconian annihilator gestures wildly while chanting.
The yellow draconian annihilator blinks!
The red draconian scorcher casts a spell at you.
The sphere of damnation explodes!
The damnation engulfs you!!
You die...

#..# #..#
#..# #..#
#..# #.†#
#..# #..#
#..# #dq#
#^.#
#d§########
#..#
#qdd.8..§.#
#..#
#dq########
#..# #.)#
#.§######..#
#.......[dd#
#d.†.)d...d#
#.X######..#
#..# #..#
##..# #○.#


You could see Tiamat (misshapen), a black draconian knight (catching breath), a
black draconian, a green draconian, a white draconian and a red draconian
scorcher.

Vanquished Creatures
  the Royal Jelly (Slime:5)
  2 dread liches
  An ancient lich (Vaults:5)
  An orb of fire (Zot:3)
  2 Killer Klowns (Zot:2)
  Saint Roka (Vaults:1)
  Xtahua (Vaults:4)
  2 curse toes
  4 caustic shrikes
  17 golden dragons
  A bone dragon (Abyss:2)
  Nikola (Snake:3)
  the Enchantress (Depths:4)
  Jory (Depths:4)
  2 electric golems (Zot:1)
  19 tentacled monstrosities
  Mlioglotl (Shoals:1)
  A walking earthen tome (Depths:2)
  4 deep elf master archers (Elf:3)
  8 liches
  7 quicksilver dragons
  13 acid blobs
  12 titans
  Polyphemus (Shoals:2)
  4 krakens
  An Executioner (Abyss:4)
  A tentacled starspawn (Abyss:4)
  5 death cobs
  Agnes (D:14)
  5 sphinxes
  8 shadow dragons
  Kirke (Snake:1)
  9 azure jellies
  Ilsuiw (Shoals:4)
  12 tengu reavers
  Roxanne (Snake:3)
  19 storm dragons
  7 draconian knights
  22 vault wardens
  2 orc warlords
  3 nagarajas (Snake:4)
  10 fire giants
  Louise (Shoals:4)
  12 draconian monks
  3 iron dragons
  9 rockslimes
  The ghost of Jafont the Arsonist, a journeyman HOFE of Okawaru (Shoals:3)
  A balrug (Depths:3)
  14 draconian scorchers
  3 ghost moths
  6 draconian annihilators
  6 draconian shifters
  10 deep elf sorcerers
  A ghost moth (shapeshifter) (Depths:2)
  5 deep elf elementalists (Elf:3)
  16 frost giants
  25 ironbound preservers
  6 spriggan defenders (Depths:4)
  5 war gargoyles
  20 stone giants
  17 very ugly things
  13 quicksilver oozes
  4 draconian stormcallers
  The ghost of Dittersdorf the Fighter, a journeyman MiBe of Trog (D:13)
  7 ironbound thunderhulks
  The ghost of 00Nightcrawler the Fighter, a journeyman VSTm of Dithmenos (D:13)
  12 vampire knights
  9 deep elf demonologists
  13 green draconians
  2 lorocyprocas
  The ghost of Xyoprad the Blocker, a journeyman FoFi of Ashenzari (D:13)
  19 red draconians
  3 entropy weavers
  13 black draconians
  19 white draconians
  11 purple draconians
  7 yellow draconians
  9 deep elf annihilators
  A minotaur (D:11)
  11 spark wasps
  5 deep elf death magi
  3 dire elephants (Vaults:4)
  An eidolon (Vaults:3)
  3 crystal guardians
  11 ettins
  13 merfolk javelineers
  14 fire dragons
  5 deep elf high priests
  6 great orbs of eyes
  17 merfolk impalers
  Harold (D:11)
  A hell beast (Depths:4)
  10 ice dragons
  3 salamander tyrants (Snake:4)
  13 yaktaur captains
  2 peacekeepers (Vaults:2)
  4 rakshasas
  11 hydras
  3 boulder beetles
  37 vault guards
  An ogre mage (D:15)
  4 centaur warriors
  5 catoblepae
  Erica (D:9)
  2 alligator snapping turtles
  10 spriggan air magi
  5 merfolk avatars
  3 alligators
  28 dancing weapons
  9 naga warriors
  7 two-headed ogres
  8 ironbound frosthearts
  5 merfolk aquamancers
  2 death knights
  2 vampire magi
  6 deep troll shamans
  18 anacondas
  9 deep troll earth magi
  8 satyrs
  16 death yaks
  10 tengu warriors
  3 orc high priests
  A titan zombie (Depths:1)
  3 naga sharpshooters
  Sonja (D:11)
  6 deep elf knights
  19 spriggan berserkers
  A soul eater (Depths:4)
  A sun demon (Abyss:4)
  9 skeletal warriors (D:15)
  2 fire crabs
  A titan skeleton (Depths:2)
  14 shock serpents
  A hell knight (Depths:1)
  4 salamander mystics
  A sixfirhy (Abyss:3)
  2 goliath frogs (Snake:4)
  63 deep trolls
  11 sea snakes
  An iron troll (Depths:2)
  A fire crab (shapeshifter) (Vaults:5)
  3 glowing orange brains
  2 naga ritualists (Snake:4)
  5 death drakes (Depths:4)
  11 deep elf archers
  18 ironbound convokers
  10 lindwurms
  12 wizards
  2 lindwurms (shapeshifter)
  4 flayed ghosts
  17 deep elf pyromancers
  25 deep elf zephyrmancers
  A golden dragon skeleton (Depths:2)
  5 phantasmal warriors
  A shadow dragon zombie (Depths:1)
  A tengu zombie (D:15)
  21 harpies
  6 necromancers
  12 orc knights
  14 mana vipers
  An oklob plant (Lair:3)
  10 manticores
  6 orc sorcerers
  14 cyclopes
  36 ugly things
  2 frost giant zombies
  5 shining eyes
  A fire giant zombie (D:15)
  19 fauns
  A worldbinder (Vaults:2)
  19 salamanders
  8 guardian serpents
  14 merfolk sirens
  26 moths of wrath
  16 elephants
  A fire giant skeleton (Vaults:2)
  The ghost of kalagan the Conjurer, a novice DECj of Sif Muna (D:7)
  An ice statue (IceCv)
  A torpor snail (shapeshifter) (Depths:2)
  31 black mambas
  A stone giant skeleton (Depths:1)
  17 vault sentinels
  A rust devil (Depths:4)
  6 cane toads
  2 eyes of devastation
  5 gargoyles
  9 water nymphs
  2 torpor snails (Lair:3)
  11 naga magi
  2 smoke demons (Abyss:2)
  7 rime drakes
  A spriggan zombie (D:15)
  An unseen horror (shapeshifter) (D:13)
  A cane toad (shapeshifter) (Depths:2)
  Maggie (Lair:1)
  4 kobold demonologists
  Psyche (D:8)
  32 yaktaurs
  2 hellions (Zot:3)
  2 spectral merfolk (Shoals:3)
  An efreet (Volcano)
  A spriggan skeleton (Depths:2)
  15 komodo dragons
  A red devil (Depths:3)
  A guardian mummy (D:15)
  2 ancient zymes
  A freezing wraith (Vaults:5)
  2 tengu conjurers (Depths:1)
  2 hellwings (Depths:4)
  6 trolls
  15 polar bears
  6 wind drakes
  41 merfolk
  3 queen bees (shapeshifter)
  7 meliai
  2 tarantellas
  9 dream sheep
  Grinder (D:5)
  A tarantella (shapeshifter) (Vaults:5)
  8 hornets
  81 slime creatures
  An ettin zombie (Depths:2)
  4 raiju (Abyss:2)
  14 snapping turtles
  A dream sheep (shapeshifter) (Elf:1)
  A fire giant simulacrum (Depths:1)
  10 blink frogs
  6 air elementals
  2 jumping spiders
  A spriggan (shapeshifter) (Elf:3)
  2 shadows
  8 spriggans
  17 water elementals
  A vampire (D:13)
  7 wyverns
  65 yaks
  2 ynoxinuls
  A human (shapeshifter) (Depths:1)
  4 wraiths
  An elf zombie (Vaults:2)
  3 basilisks
  2 golden eyes (Slime:4)
  2 chaos spawn
  7 fire elementals
  Grum (D:11)
  4 redbacks
  A sea snake simulacrum (Shoals:3)
  4 hogs (Snake:1)
  5 vampire mosquitoes
  A redback (shapeshifter) (Elf:2)
  A neqoxec (Abyss:2)
  5 wargs
  15 water moccasins
  25 nagas
  9 large abominations
  3 acid dragons
  2 floating eyes
  A sky beast (D:7)
  2 starcursed masses (Abyss:3)
  3 ice beasts
  2 black bears
  41 orc warriors
  8 boggarts
  3 phantoms
  2 wind drake simulacra (Shoals:3)
  36 wolves
  8 centaurs
  11 ogres
  A spectral cyclops (Shoals:3)
  4 kobold brigands
  8 bullfrogs
  3 gnoll sergeants
  4 earth elementals
  A human skeleton (Vaults:2)
  3 merfolk simulacra (Shoals:3)
  4 small abominations (Abyss:2)
  7 wights
  3 killer bees (D:9)
  4 howler monkeys
  7 electric eels
  A gnoll bouda (Orc:1)
  2 hounds (D:6)
  19 orc priests
  A jelly (D:5)
  6 iguanas
  26 orc wizards
  7 ogre zombies
  Robin (D:2)
  16 gnolls
  9 adders
  A white imp (D:3)
  An ufetubus (Abyss:4)
  4 worms
  6 dart slugs
  102 orcs
  5 ball pythons
  9 endoplasms
  2 giant cockroaches (D:2)
  19 goblins
  14 hobgoblins
  10 jackals
  34 kobolds
  5 quokkas
  8 bats
  8 frilled lizards
  A goblin skeleton (D:9)
  3 goblin zombies (D:9)
  2 hobgoblin skeletons (D:9)
  2 orc skeletons (D:9)
  10 orc zombies (D:9)
  6 rats
  A bush (Lair:5)
  A butterfly (Lair:3)
  A creeping inferno (Zot:3)
  2 fire vortices (Zot:3)
  9 tentacles
2455 creatures vanquished.

Vanquished Creatures (collateral kills)
  An acid blob (Slime:5)
  A rockslime (Slime:5)
  An ironbound thunderhulk (Vaults:4)
  A slime creature (Slime:5)
  A yak (IceCv)
  A wolf (IceCv)
  A kobold brigand (D:6)
  A jelly (D:4)
  3 orcs
  A hobgoblin skeleton (D:9)
  2 foxfires (D:8)
14 creatures vanquished.

Vanquished Creatures (others)
  A vampire knight (Depths:3)
  A purple draconian (Depths:4)
  A deep elf high priest (Vaults:5)
  An ice dragon (Depths:2)
  A dancing weapon (Vaults:5)
  2 deep elf pyromancers
  2 unseen horrors (D:12)
  A spectral merfolk (Shoals:3)
  A human (Snake:1)
  An orc warrior (Orc:1)
  2 orc wizards
  2 orcs
  234 foxfires
  23 fungi
  184 plants
  5 starspawn tentacles (Abyss:4)
  14 tentacles
  12 withered plants (D:15)
488 creatures vanquished.

Grand Total: 2957 creatures vanquished

Notes
Turn   | Place    | Note
-------+----------+-------------------------------------------
     0 | D:1      | ExZ the Draconian Fire Elementalist began the quest for the
                  | Orb.
     0 | D:1      | Reached XP level 1. HP: 14/14 MP: 3/3
   317 | D:1      | Reached XP level 2. HP: 18/20 MP: 3/5
   337 | D:1      | Learned a level 2 spell: Scorch
   498 | D:1      | Found Kirphonui's Weapon Shoppe.
   690 | D:1      | Found a faded altar of an unknown god.
   831 | D:1      | Reached XP level 3. HP: 22/26 MP: 1/6
  1941 | D:2      | Noticed Robin
  1954 | D:2      | Reached XP level 4. HP: 33/33 MP: 1/8
  1980 | D:2      | Killed Robin
  3154 | D:3      | Learned a level 4 spell: Flame Wave
  3446 | D:3      | Reached XP level 5. HP: 38/38 MP: 2/9
  4653 | D:4      | Reached XP level 6. HP: 39/45 MP: 1/11
  4970 | D:3      | Reached skill level 5 in Fire Magic
  5228 | D:4      | Found a radiant altar of Vehumet.
  5230 | D:4      | Found a shadowy altar of Dithmenos.
  5236 | D:4      | Became a worshipper of Vehumet
  5271 | D:4      | You fall into a shaft and drop 2 floors!
  5272 | D:6      | Found an ornate altar of the Wu Jian Council.
  5293 | D:6      | Noticed a water moccasin
  5295 | D:6      | Noticed an ice beast
  5301 | D:6      | Killed a water moccasin
  5302 | D:6      | Reached skill level 5 in Spellcasting
  5302 | D:6      | Your scales start taking on a fiery red colour.
  5302 | D:6      | Reached XP level 7. HP: 23/50 MP: 4/14
  5302 | D:6      | Gained mutation: Your flesh is heat resistant. (rF+) [Red
                  | Draconian growth]
  5314 | D:6      | Reached skill level 2 in Shields
  5523 | D:6      | Found a staircase to the Ecumenical Temple.
  5648 | D:6      | Reached * piety under Vehumet
  5648 | D:6      | Offered knowledge of Freeze by Vehumet.
  5707 | D:5      | Entered Level 5 of the Dungeon
  5922 | D:4      | Reached XP level 8. HP: 57/57 MP: 3/15
  6404 | D:5      | Noticed Grinder
  6408 | D:5      | Killed Grinder
  6409 | D:5      | Reached skill level 5 in Dodging
  6824 | D:5      | Reached skill level 1 in Fighting
  8044 | D:7      | Reached ** piety under Vehumet
  8044 | D:7      | Offered knowledge of Poisonous Vapours by Vehumet.
  8052 | D:7      | Reached XP level 9. HP: 42/71 MP: 3/18
  8303 | D:7      | Found a glowing silver altar of Zin.
  8402 | D:7      | Found a shimmering blue altar of Sif Muna.
  8552 | D:7      | Found a large runed translucent door.
  8553 | D:7      | Found a large runed translucent door.
  8555 | D:7      | Noticed kalagan's ghost (novice DECj)
  8617 | D:7      | Killed kalagan's ghost
  8618 | D:7      | Reached skill level 5 in Conjurations
  8905 | D:8      | Found a stormy altar of Qazlal.
  8911 | D:8      | Found a flagged portal.
  8920 | Bailey   | Entered a bailey
  8970 | D:8      | Reached skill level 3 in Shields
  8970 | D:8      | Reached skill level 1 in Transmutations
  9096 | D:8      | Found a staircase to the Lair.
  9098 | D:8      | Noticed a komodo dragon
  9113 | D:8      | Killed a komodo dragon
  9283 | D:8      | Reached skill level 4 in Shields
  9654 | D:8      | Noticed Psyche
  9841 | D:8      | Killed Psyche
  9842 | D:8      | Reached XP level 10. HP: 65/78 MP: 20/20
 10703 | D:9      | Reached skill level 5 in Transmutations
 10712 | D:9      | Offered knowledge of Dazzling Flash by Vehumet.
 10942 | D:9      | Reached skill level 5 in Shields
 10943 | D:9      | Noticed Erica
 11081 | D:9      | Killed Erica
 11356 | D:9      | Found a staircase to the Orcish Mines.
 11476 | D:9      | Noticed a six-headed hydra
 11525 | D:9      | Found Tymez's Magic Scroll Shop.
 11531 | D:9      | Bought a scroll of teleportation for 48 gold pieces
 11531 | D:9      | Bought a scroll of identify for 32 gold pieces
 11531 | D:9      | Bought a scroll of identify for 32 gold pieces
 11531 | D:9      | Bought a scroll of identify for 32 gold pieces
 11672 | D:9      | Reached *** piety under Vehumet
 11678 | D:9      | Reached skill level 6 in Shields
 11888 | D:9      | Learned a level 5 spell: Irradiate
 11986 | D:9      | Found Haoceat's Profane Products.
 12049 | D:9      | Found a transporter.
 12059 | D:9      | Noticed a toenail golem
 12059 | D:9      | Noticed a toenail golem
 12064 | D:9      | Noticed kuniqs's ghost (journeyman SpEn)
 12094 | D:9      | Offered knowledge of Sticky Flame by Vehumet.
 12095 | D:9      | Killed a six-headed hydra
 12096 | D:9      | Reached XP level 11. HP: 44/84 MP: 4/21
 12098 | D:9      | Reached skill level 7 in Shields
 12275 | D:9      | Found a transporter.
 12354 | D:9      | Noticed a white ugly thing
 12526 | D:10     | Entered Level 10 of the Dungeon
 13836 | D:10     | Reached **** piety under Vehumet
 14149 | D:10     | Found a snail-covered altar of Cheibriados.
 14345 | Lair:1   | Entered Level 1 of the Lair of Beasts
 14355 | Lair:1   | Noticed Maggie
 14361 | D:8      | Offered knowledge of Iskenderun's Mystic Blast by Vehumet.
 14512 | Lair:1   | Killed Maggie
 14598 | Lair:1   | Reached skill level 8 in Shields
 15214 | Lair:1   | Noticed a four-headed hydra
 15218 | Lair:1   | Killed a four-headed hydra
 15580 | Lair:2   | Found a staircase to the Snake Pit.
 15805 | Lair:2   | Reached skill level 9 in Shields
 16212 | Lair:2   | Identified a scroll of acquirement
 16213 | Lair:2   | Acquired the ring of the Insatiable Hosts {Contam rC+ Dex+6
                  | Slay+2}
 16236 | Lair:2   | Reached XP level 12. HP: 83/91 MP: 15/22
 16282 | Lair:2   | Noticed a death yak
 16282 | Lair:2   | Noticed a four-headed hydra
 16297 | Lair:2   | Killed a death yak
 16298 | Lair:2   | Gained mutation: Your spells are a little easier to cast,
                  | but a little less powerful. [mutagenic glow]
 16450 | Lair:2   | Killed a four-headed hydra
 16597 | Lair:2   | Found a shadowy altar of Dithmenos.
 17125 | Lair:2   | Reached skill level 5 in Fighting
 17515 | Lair:3   | Reached skill level 10 in Shields
 17809 | Lair:3   | Gained mutation: Your magical capacity is low. (-10% MP)
                  | [mutagenic glow]
 18021 | Lair:3   | Lost mutation: Your spells are a little easier to cast, but
                  | a little less powerful. [potion of mutation]
 18021 | Lair:3   | Lost mutation: Your magical capacity is low. (-10% MP)
                  | [potion of mutation]
 18021 | Lair:3   | Gained mutation: Your flesh is very heat resistant. (rF++)
                  | [potion of mutation]
 18021 | Lair:3   | Gained mutation: You have sharp fingernails. [potion of
                  | mutation]
 18225 | Lair:3   | Found a transporter.
 18234 | Lair:3   | Noticed Loywebes's ghost (journeyman MiFi)
 18237 | Lair:3   | Noticed a five-headed hydra
 18328 | Lair:3   | Reached skill level 11 in Shields
 18408 | Lair:3   | Noticed a catoblepas
 18417 | Lair:3   | Killed a catoblepas
 18675 | Lair:3   | Noticed a boulder beetle
 18685 | Lair:3   | Killed a boulder beetle
 18768 | Lair:3   | Noticed a six-headed hydra
 18773 | Lair:3   | Killed a six-headed hydra
 18774 | Lair:3   | Reached skill level 12 in Shields
 18985 | Lair:3   | Noticed an anaconda
 18987 | Lair:3   | Noticed an alligator
 18988 | Lair:3   | Killed an anaconda
 18995 | Lair:3   | Reached ***** piety under Vehumet
 18995 | Lair:3   | Noticed a six-headed hydra
 19269 | Lair:3   | Found a transporter.
 19303 | Lair:3   | Found a staircase to the Shoals.
 19591 | Lair:3   | Killed a six-headed hydra
 19592 | Lair:3   | Reached XP level 13. HP: 102/102 MP: 14/23
 19605 | Lair:3   | Reached skill level 13 in Shields
 19615 | Lair:3   | Gained mutation: Potions are less effective at restoring
                  | your health. [mutagenic glow]
 19630 | Lair:3   | Gained mutation: You are clumsy. (Dex -2) [mutagenic glow]
 20315 | D:9      | Bought a scroll of acquirement for 832 gold pieces
 20315 | D:9      | Acquired 767 gold pieces
 20525 | Lair:3   | Offered knowledge of Lightning Bolt by Vehumet.
 20539 | Lair:3   | Identified the +5 mace "Nebbud" {speed, rN+ rCorr}
 20836 | Lair:4   | Found a dark tunnel.
 20849 | Volcano  | Entered a volcano
 21069 | Volcano  | Noticed a stone giant
 21236 | Volcano  | Killed a stone giant
 21475 | Lair:4   | Gained mutation: You are dopey. (Int -2) [mutagenic glow]
 21987 | Lair:4   | Found a viscous altar of Jiyva.
 21988 | Lair:4   | Found a staircase to the Slime Pits.
 21991 | Lair:4   | Paralysed by a floating eye for 3 turns
 22725 | Lair:5   | Entered Level 5 of the Lair of Beasts
 23587 | Lair:5   | Gained mutation: Your spells are a little easier to cast,
                  | but a little less powerful. [mutagenic glow]
 23589 | Lair:5   | Reached XP level 14. HP: 77/110 MP: 16/26
 23595 | Lair:5   | Reached skill level 10 in Fire Magic
 24160 | Lair:5   | Offered knowledge of Yara's Violent Unravelling by Vehumet.
 24548 | Lair:5   | Reached skill level 10 in Dodging
 24588 | Lair:5   | Reached skill level 14 in Shields
 25430 | Lair:5   | Found the +9 scales of the Dragon King {rPois rF+ rC+
                  | Will+}
 25722 | Orc:1    | Entered Level 1 of the Orcish Mines
 25984 | D:9      | Lost mutation: You are dopey. (Int -2) [potion of mutation]
 25984 | D:9      | Lost mutation: Potions are less effective at restoring your
                  | health. [potion of mutation]
 25984 | D:9      | Gained mutation: You are very clumsy. (Dex -4) [potion of
                  | mutation]
 25984 | D:9      | Lost mutation: You are very clumsy. (Dex -4) [potion of
                  | mutation]
 25984 | D:9      | Gained mutation: You expend magic power (3 MP) to
                  | strengthen your wands. [potion of mutation]
 26135 | D:9      | Reached skill level 10 in Spellcasting
 26585 | Orc:2    | Entered Level 2 of the Orcish Mines
 26863 | Orc:2    | Noticed an orc warlord
 26986 | Orc:2    | Found a staircase to the Elven Halls.
 27519 | Orc:2    | Offered knowledge of Lee's Rapid Deconstruction by Vehumet.
 27526 | Orc:2    | Paralysed by an orc sorcerer for 5 turns
 27768 | Orc:2    | Paralysed by an orc sorcerer for 4 turns
 27782 | Orc:1    | Killed an orc warlord
 27783 | Orc:1    | Reached skill level 10 in Transmutations
 27791 | Orc:1    | Learned a level 5 spell: Lee's Rapid Deconstruction
 28406 | Orc:2    | Found Ixusug's Antique Armour Shop.
 28422 | Orc:2    | Bought a pair of runed boots for 120 gold pieces
 28447 | Orc:2    | Found Citul's Antique Weapon Shop.
 28480 | Orc:2    | Reached skill level 15 in Shields
 28552 | Orc:2    | Found Inle's General Store.
 28559 | Orc:2    | Bought a scroll of blinking for 135 gold pieces
 28559 | Orc:2    | Bought a scroll of teleportation for 54 gold pieces
 28559 | Orc:2    | Bought a potion of mutation for 144 gold pieces
 28610 | Orc:2    | Found Duofoer's Jewellery Shop.
 28757 | Orc:2    | Found a bloodstained altar of Trog.
 29077 | D:11     | Reached skill level 1 in Earth Magic
 29180 | D:11     | Noticed Harold
 29189 | D:11     | Killed Harold
 29329 | D:11     | Noticed Sonja
 29333 | D:11     | Killed Sonja
 29593 | D:11     | Found a runed translucent door.
 29971 | D:11     | Noticed Grum
 29976 | D:11     | Killed Grum
 30274 | D:12     | Reached XP level 15. HP: 115/115 MP: 19/29
 30506 | D:11     | Gained mutation: You are very clumsy. (Dex -4) [mutagenic
                  | glow]
 30985 | D:12     | Identified the +3 ring mail of Lugonu's Regard {Stlth+}
 31163 | D:12     | Offered knowledge of Conjure Ball Lightning by Vehumet.
 31578 | D:13     | Found the +3 hat of Pondering {ponderous, Will+ MP+10
                  | Int+5}
 31945 | D:13     | Reached skill level 5 in Earth Magic
 31946 | D:13     | Found a frozen archway.
 31959 | IceCv    | Entered an ice cave
 34473 | D:13     | Found a runed translucent gate.
 34473 | D:13     | Found a runed translucent gate.
 34473 | D:13     | Found an ancient bone altar of Kikubaaqudgha.
 34473 | D:13     | Found a runed translucent gate.
 34473 | D:13     | Noticed Xyoprad's ghost (journeyman FoFi)
 34473 | D:13     | Noticed Dittersdorf's ghost (journeyman MiBe)
 34473 | D:13     | Noticed 00Nightcrawler's ghost (journeyman VSTm)
 34473 | D:13     | Noticed a lich
 34479 | D:13     | Noticed a lich
 35921 | D:14     | Found a gate to the Vaults.
 35969 | D:14     | Noticed Agnes
 36111 | D:14     | Killed Agnes
 36867 | D:15     | Entered Level 15 of the Dungeon
 36893 | D:15     | Found a staircase to the Depths.
 37044 | D:15     | Found a white marble altar of Elyvilon.
 37080 | D:15     | Gained mutation: You are dopey. (Int -2) [mutagenic glow]
 37105 | D:15     | Reached XP level 16. HP: 105/122 MP: 8/30
 37712 | D:15     | Offered knowledge of Orb of Destruction by Vehumet.
 38198 | D:15     | Reached skill level 15 in Transmutations
 39177 | D:15     | Lost mutation: You have sharp fingernails. [potion of
                  | mutation]
 39177 | D:15     | Lost mutation: You expend magic power (3 MP) to strengthen
                  | your wands. [potion of mutation]
 39177 | D:15     | Lost mutation: Your flesh is very heat resistant. (rF++)
                  | [potion of mutation]
 39177 | D:15     | Gained mutation: Your body sometimes deteriorates upon
                  | taking damage. [potion of mutation]
 39177 | D:15     | Gained mutation: You expend magic power (3 MP) to
                  | strengthen your wands. [potion of mutation]
 39177 | D:15     | Gained mutation: You have sharp toenails. [potion of
                  | mutation]
 39177 | D:15     | Gained mutation: You have a pair of small horns on your
                  | head. [potion of mutation]
 39178 | D:15     | Lost mutation: You have sharp toenails. [potion of
                  | mutation]
 39178 | D:15     | Lost mutation: You expend magic power (3 MP) to strengthen
                  | your wands. [potion of mutation]
 39179 | D:15     | Lost mutation: Your spells are a little easier to cast, but
                  | a little less powerful. [potion of mutation]
 39179 | D:15     | Lost mutation: You are dopey. (Int -2) [potion of mutation]
 39179 | D:15     | Lost mutation: You are very clumsy. (Dex -4) [potion of
                  | mutation]
 39179 | D:15     | Gained mutation: Your flesh is very heat resistant. (rF++)
                  | [potion of mutation]
 39179 | D:15     | Gained mutation: You have supernaturally acute eyesight.
                  | (SInv) [potion of mutation]
 39216 | D:15     | Learned a level 7 spell: Dragon Form
 39443 | Snake:1  | Entered Level 1 of the Snake Pit
 39590 | Snake:1  | Noticed Kirke
 39608 | Snake:1  | Killed Kirke
 39609 | Snake:1  | Reached skill level 1 in Unarmed Combat
 40481 | Snake:1  | Found a runed translucent door.
 41157 | Snake:1  | Identified the +9 dagger of Ale Jist {vorpal, Will++}
 42376 | Snake:3  | Noticed Roxanne
 42397 | Snake:3  | Offered knowledge of Starburst by Vehumet.
 42406 | Snake:3  | Reached skill level 5 in Unarmed Combat
 42763 | Snake:3  | Killed Roxanne
 43035 | Snake:3  | Noticed Mara
 43041 | Snake:3  | Noticed ExZ's illusion
 43051 | Snake:3  | Gained mutation: You sometimes lose your temper in combat.
                  | [mutagenic glow]
 43079 | Snake:3  | Gained mutation: Your spells are a little easier to cast,
                  | but a little less powerful. [mutagenic glow]
 43363 | Snake:3  | Noticed Nikola
 43685 | Snake:2  | Learned a level 6 spell: Statue Form
 43703 | Snake:3  | Killed Nikola
 44801 | Snake:4  | Entered Level 4 of the Snake Pit
 44832 | Snake:4  | Reached XP level 17. HP: 138/138 MP: 31/31
 45161 | Snake:4  | Found Cynk's Antique Armour Shoppe.
 45254 | Snake:4  | Bought a pair of runed gloves for 210 gold pieces
 45269 | Snake:4  | Reached skill level 10 in Fighting
 46111 | Snake:4  | Reached skill level 10 in Unarmed Combat
 46217 | Snake:4  | Reached skill level 1 in Evocations
 46439 | Snake:4  | Offered knowledge of Lehudib's Crystal Spear by Vehumet.
 46597 | Snake:4  | Got a serpentine rune of Zot
 47370 | Snake:4  | Reached skill level 5 in Evocations
 47899 | Shoals:1 | Entered Level 1 of the Shoals
 47976 | Shoals:1 | Noticed Mlioglotl
 48233 | Shoals:1 | Reached skill level 10 in Earth Magic
 48789 | Shoals:1 | Killed Mlioglotl
 48812 | Shoals:1 | Reached XP level 18. HP: 147/147 MP: 21/32
 49769 | Shoals:2 | Noticed Polyphemus
 49779 | Shoals:2 | Killed Polyphemus
 50005 | Shoals:2 | Reached ****** piety under Vehumet
 50583 | Shoals:2 | Offered knowledge of Fire Storm by Vehumet.
 50583 | Shoals:2 | Offered knowledge of Shatter by Vehumet.
 50583 | Shoals:2 | Offered knowledge of Chain Lightning by Vehumet.
 51520 | Shoals:3 | Gained mutation: You are frail. (-10% HP) [mutagenic glow]
 51886 | Shoals:3 | Found a runed translucent gate.
 51886 | Shoals:3 | Found a runed translucent gate.
 51886 | Shoals:3 | Found a runed translucent gate.
 51886 | Shoals:3 | Noticed Jafont's ghost (journeyman HOFE)
 53971 | Shoals:3 | Killed Jafont's ghost
 53999 | Shoals:4 | Entered Level 4 of the Shoals
 54336 | Shoals:4 | Identified the amulet of Pohuy {Regen+ Stlth+}
 54556 | Shoals:4 | Identified the +3 falchion of Hixu Van {flame, rPois Dex+4}
 54712 | Shoals:4 | Reached XP level 19. HP: 145/145 MP: 33/33
 55447 | Shoals:4 | Noticed Louise
 55987 | Shoals:4 | Killed Louise
 56144 | Shoals:4 | Noticed Ilsuiw
 56158 | Shoals:4 | Killed Ilsuiw
 56639 | Shoals:4 | Got a barnacled rune of Zot
 57479 | Vaults:1 | Entered Level 1 of the Vaults
 58440 | Vaults:1 | Identified the amulet "Wiych" {Spirit rElec rF+ rCorr
                  | Slay-6}
 58449 | Vaults:1 | Learned a level 5 spell: Fireball
 59538 | Vaults:1 | Noticed Saint Roka
 59553 | Vaults:1 | Killed Saint Roka
 59796 | Vaults:1 | Paralysed by a great orb of eyes for 4 turns
 59997 | Vaults:1 | You are sucked into a shaft and drop 1 floor!
 60164 | Abyss:2  | Cast into level 2 of the Abyss (a wizard)
 60244 | Abyss:2  | Noticed a bone dragon
 60252 | Abyss:2  | Killed a bone dragon
 60628 | Abyss:3  | Paralysed by accursed screaming for 1 turns
 60812 | Abyss:4  | Reached XP level 20. HP: 129/158 MP: 34/34
 61014 | Abyss:4  | Gained mutation: You occasionally shout uncontrollably at
                  | your foes. [a neqoxec]
 61017 | Vaults:2 | Escaped the Abyss
 61314 | Vaults:2 | Reached skill level 15 in Fighting
 62625 | Vaults:2 | Reached skill level 15 in Unarmed Combat
 62795 | Vaults:2 | Reached skill level 15 in Dodging
 63234 | Vaults:3 | Lost mutation: Your body sometimes deteriorates upon taking
                  | damage. [potion of mutation]
 63234 | Vaults:3 | Lost mutation: Your spells are a little easier to cast, but
                  | a little less powerful. [potion of mutation]
 63234 | Vaults:3 | Lost mutation: You are clumsy. (Dex -2) [potion of
                  | mutation]
 64145 | Vaults:3 | Found a staircase to the Crypt.
 64256 | Vaults:3 | Found Nuetejus's Armour Shoppe.
 64395 | Vaults:3 | Reached skill level 10 in Conjurations
 65399 | Vaults:4 | Reached XP level 21. HP: 165/165 MP: 35/35
 66162 | Vaults:4 | Noticed Xtahua
 66172 | Vaults:4 | Killed Xtahua
 66804 | Vaults:4 | Lost mutation: You are frail. (-10% HP) [potion of
                  | mutation]
 66804 | Vaults:4 | Lost mutation: Your flesh is very heat resistant. (rF++)
                  | [potion of mutation]
 66804 | Vaults:4 | Gained mutation: You are strong-willed. (Will+) [potion of
                  | mutation]
 66804 | Vaults:4 | Gained mutation: You have a somewhat thin skeletal
                  | structure. (Dex +2, Stealth+) [potion of mutation]
 66804 | Vaults:4 | Gained mutation: Your muscles are strong. (Str +4, Int/Dex
                  | -1) [potion of mutation]
 67541 | Elf:1    | Entered Level 1 of the Elven Halls
 67543 | Elf:1    | Paralysed by an air elemental for 1 turns
 67674 | Elf:1    | Identified the ring of Wukloc {Fire Str+6 Slay+6 Stlth-}
 68222 | Elf:1    | Paralysed by an air elemental for 1 turns
 68227 | Elf:1    | Paralysed by an air elemental for 1 turns
 68299 | Elf:1    | Found a runed translucent gate.
 68299 | Elf:1    | Found a runed translucent gate.
 68299 | Elf:1    | Found a runed translucent gate.
 68321 | Elf:1    | Noticed hitsuchi's ghost (adept SpEn)
 68834 | Elf:2    | Found a runed translucent door.
 68952 | Elf:2    | Found a runed translucent gate.
 68953 | Elf:2    | Found a runed translucent gate.
 68954 | Elf:2    | Found a runed translucent gate.
 69328 | Elf:2    | Noticed dvd2's ghost (adept SpEn)
 69431 | Elf:3    | Entered Level 3 of the Elven Halls
 69561 | Elf:3    | Paralysed by an air elemental for 1 turns
 69566 | Elf:3    | Paralysed by an air elemental for 1 turns
 69676 | Elf:3    | Found Iptoegg's General Store.
 69738 | Elf:3    | Got the Folio of the Ditch-Digger
 69741 | Elf:3    | Bought the +1 cloak "Pabacso" {rElec rF++ Regen+ Int-4} for
                  | 521 gold pieces
 69906 | Elf:3    | Reached XP level 22. HP: 192/192 MP: 39/39
 70217 | Elf:3    | Got Myqigefi's Precepts of the Quarry
 70223 | Elf:3    | Acquired the Omnibus of the Forceful Blaze
 70267 | Elf:3    | Identified the +12 mace "Vataxovy" {flame, rC+ MP-9 Dex+3}
 70314 | Elf:3    | Identified the +5 mace of Gicappes {flame, Stlth+}
 70333 | Elf:3    | Paralysed by an air elemental for 1 turns
 70359 | Elf:3    | Identified the +2 halberd of the Protecting Gods {freeze,
                  | Dex+4}
 70401 | Elf:3    | Got the Collected Works on Feathers
 70411 | Elf:3    | Identified the +8 shortbow of Ugatis {flame, Fragile Int+2
                  | Dex+4}
 70640 | Elf:1    | Found a viscous altar of Jiyva.
 70852 | D:13     | Killed 00Nightcrawler's ghost
 70854 | D:13     | Killed Dittersdorf's ghost
 70858 | D:13     | Killed Xyoprad's ghost
 70868 | D:13     | Got the Grimoire of Accompaniment and the Pyre
 70869 | D:13     | Identified the ring "Gurr" {Ice rN+ Stlth+}
 70879 | D:13     | Identified the +1 pair of boots of Oblivion {+Inv rF-
                  | Str+5}
 70885 | D:13     | Got Kikubaaqudgha's Vademecum on the Mausoleum
 70957 | Depths:1 | Entered Level 1 of the Depths
 71014 | Depths:1 | Noticed a caustic shrike
 71106 | Depths:1 | Killed a caustic shrike
 71278 | Depths:1 | Found a gateway to Hell.
 71304 | Depths:1 | You are sucked into a shaft and drop 1 floor!
 71306 | Depths:2 | Noticed a caustic shrike
 71310 | Depths:2 | Killed a caustic shrike
 71349 | Depths:2 | Noticed a golden dragon
 71361 | Depths:2 | Killed a golden dragon
 71391 | Depths:2 | Found a one-way gate leading to the halls of Pandemonium.
 71439 | Depths:2 | Identified the +4 short sword of the Assorted Ziggurats
                  | {pain, *Noise Str-4 Int+9 SInv}
 71486 | Depths:2 | Identified the +5 demon whip "Zojezu" {elec, rElec rCorr}
 71490 | Depths:2 | Noticed a caustic shrike
 71521 | Depths:2 | Killed a caustic shrike
 71546 | Depths:2 | Identified the +7 dagger of Ghostly Fortitude {freeze, rF+}
 71653 | Depths:2 | Got the Papyrus of Battle Magic
 71923 | Depths:2 | Reached skill level 16 in Shields
 72128 | Depths:2 | Reached XP level 23. HP: 202/202 MP: 41/41
 72345 | Depths:2 | Identified the +3 glaive "Mek Ricagy" {pain, MP+9 Str+3
                  | Int+5 Dex-4}
 73189 | Depths:1 | Found a runed translucent door.
 73192 | Depths:1 | Found a runed translucent door.
 73192 | Depths:1 | Found a runed translucent door.
 73227 | Depths:1 | Found a transporter.
 73285 | Depths:1 | Noticed a dread lich
 73287 | Depths:1 | Found a one-way gateway to a ziggurat.
 73320 | Depths:1 | Killed a dread lich
 73468 | Depths:1 | Identified the +2 ring mail of Fun and Games {rPois Dex+5}
 73516 | Depths:1 | Found a transporter.
 73738 | Depths:3 | Noticed a caustic shrike
 73746 | Depths:3 | Killed a caustic shrike
 74400 | Depths:3 | Found a stormy altar of Qazlal.
 74413 | Depths:3 | Found a one-way gate to the infinite horrors of the Abyss.
 74546 | Depths:3 | Reached skill level 17 in Shields
 74844 | Depths:4 | Entered Level 4 of the Depths
 75093 | Depths:4 | Found a bloodstained altar of Trog.
 75392 | Depths:4 | Noticed Jory
 75398 | Depths:4 | Killed Jory
 75495 | Depths:4 | Found a stormy altar of Qazlal.
 75498 | Depths:4 | Found a burning altar of Makhleb.
 75498 | Depths:4 | Found a shimmering altar of Xom.
 75500 | Depths:4 | Found a snail-covered altar of Cheibriados.
 75500 | Depths:4 | Found a radiant altar of Vehumet.
 75500 | Depths:4 | Found a shimmering altar of Xom.
 75596 | Depths:4 | Noticed the Enchantress
 75611 | Depths:4 | Killed the Enchantress
 75621 | Depths:4 | Reached XP level 24. HP: 216/216 MP: 41/41
 76231 | Depths:4 | Found a gate to the Realm of Zot.
 76809 | Vaults:5 | Entered Level 5 of the Vaults
 76813 | Vaults:5 | Reached skill level 18 in Shields
 77016 | Vaults:4 | Learned a level 6 spell: Iron Shot
 77169 | Vaults:5 | Noticed an ancient lich
 77259 | Vaults:5 | Killed an ancient lich
 77687 | Vaults:5 | Identified the +8 sling of the Six Knaves {speed, rPois rF-
                  | rC+}
 77696 | Vaults:4 | Reached XP level 25. HP: 228/228 MP: 41/41
 77890 | Vaults:5 | Identified the +3 sling "Gemituh" {vorpal, rF+ rC+ Str+4}
 78358 | Vaults:5 | Got a silver rune of Zot
 78513 | Vaults:5 | Identified the ring of Dorae {rN+ rCorr}
 78606 | Vaults:5 | Noticed a dread lich
 78612 | Vaults:5 | Killed a dread lich
 79609 | Slime:1  | Entered Level 1 of the Pits of Slime
 79615 | Slime:1  | Gained mutation: You are clumsy. (Dex -2) [a shining eye]
 79620 | Slime:1  | Reached skill level 19 in Shields
 79632 | Slime:1  | Gained mutation: Potions are less effective at restoring
                  | your health. [a shining eye]
 79632 | Slime:1  | Gained mutation: You occasionally lose the ability to drink
                  | potions when taking damage. [a shining eye]
 79841 | Slime:1  | Gained mutation: You do not regenerate when monsters are
                  | visible. [a shining eye]
 79842 | Slime:1  | Gained mutation: You frequently scream uncontrollably at
                  | your foes. [a shining eye]
 79880 | Slime:5  | Entered Level 5 of the Pits of Slime
 79908 | Slime:5  | Noticed the Royal Jelly
 80060 | Slime:5  | Killed the Royal Jelly
 80225 | Slime:5  | Paralysed by a floating eye for 2 turns
 80228 | Slime:5  | Paralysed by a floating eye for 2 turns
 80231 | Slime:5  | Gained mutation: You are dopey. (Int -2) [a shining eye]
 80324 | Slime:5  | Got a slimy rune of Zot
 80446 | Slime:5  | Identified the +3 flail "Fish" {holy, rElec rPois rN+ MP-9}
 80577 | Slime:3  | Lost mutation: Your muscles are strong. (Str +4, Int/Dex
                  | -1) [a shining eye]
 80581 | Slime:3  | Gained mutation: Your spells are a little easier to cast,
                  | but a little less powerful. [mutagenic glow]
 81120 | Zot:1    | Entered Level 1 of the Realm of Zot
 82075 | Zot:1    | Reached skill level 20 in Shields
 82616 | Zot:2    | Noticed a Killer Klown
 82620 | Zot:2    | Killed a Killer Klown
 82707 | Zot:2    | Reached XP level 26. HP: 239/239 MP: 41/41
 82806 | Zot:2    | Reached skill level 21 in Shields
 83067 | Zot:2    | Reached skill level 22 in Shields
 83404 | Zot:2    | Identified the +7 war axe "Biqidet" {venom, Str+6 Int+3
                  | Dex-4}
 84197 | Zot:3    | Noticed an orb of fire
 84204 | Zot:3    | Killed an orb of fire
 84222 | Zot:3    | Reached skill level 23 in Shields
 85060 | Zot:2    | Lost mutation: You occasionally lose the ability to drink
                  | potions when taking damage. [potion of mutation]
 85060 | Zot:2    | Lost mutation: You sometimes lose your temper in combat.
                  | [potion of mutation]
 85060 | Zot:2    | Gained mutation: You have hidden genetic potential. [potion
                  | of mutation]
 85060 | Zot:2    | Gained mutation: Your spells are easier to cast, but less
                  | powerful. [potion of mutation]
 85060 | Zot:2    | Gained mutation: You are highly strong-willed. (Will++)
                  | [potion of mutation]
 85061 | Zot:2    | Lost mutation: You frequently scream uncontrollably at your
                  | foes. [potion of mutation]
 85061 | Zot:2    | Lost mutation: You have hidden genetic potential. [potion
                  | of mutation]
 85061 | Zot:2    | Lost mutation: You are dopey. (Int -2) [potion of mutation]
 85857 | Zot:4    | Reached skill level 24 in Shields
 85859 | Zot:4    | Found the +4 dragonskin cloak
 85859 | Zot:4    | Noticed Tiamat
 85906 | Zot:4    | HP: 10/310 [red draconian scorcher/damnation[Tiamat] (35)]
 85906 | Zot:4    | Killed from afar by a red draconian scorcher

Illustrated notes

Levels and vault maps discovered:
D:1:      lemuel_arrival_funnel, layout_loops_corners,
          ebering_ecumenical_altar_ruins, serial_shops, nicolae_shop_crystal
D:2:      layout_rooms, minmay_divided_ellipse, uniq_robin
D:3:      layout_loops_cross, grunt_decor_fettered
D:4:      layout_rooms, gammafunk_temple_overflow_wave, abandoned_shop,
          st_stairs_5, chequers_serial_rivers_micro_d
D:5:      layout_loops_cross, uniq_grinder
D:6:      layout_cave_pools, nzn_wu_jian_contemplation,
          minmay_temple_entry_waves, cheibrodos_sewer_entry_bend
D:7:      layout_basic, mainiacjoe_overflow_large_starburst,
          ebering_ghost_disaster_area
D:8:      layout_layer_cave, mainiacjoe_overflow_paths, david_lair_shrubbed,
          enter_bailey_2, uniq_psyche
D:9:      layout_basic, zombieorc1_lemuel, gammafunk_ghost_abyssal_escape,
          serial_shops, nicolae_lakefront_shop, nicolae_evil_shop, uniq_erica
D:10:     layout_loops_corners, slow_altar_2
D:11:     dreamdust_labyrinth, layout_rooms, uniq_sonja, uniq_grum, uniq_harold
D:12:     layout_loops_cross
D:13:     layout_roguey [special_room_orc], gammafunk_ghost_crypt,
          portal_ice_cave_entry_animals_and_master, kennysheep_cross_bottleneck
D:14:     layout_basic, erik_vaults_1, minmay_misc_feat_diagonals, uniq_agnes
D:15:     gammafunk_depths_entry_grave, layout_basic, elyvilon_altar_4,
          lemuel_flamethrower_3
Lair:1:   layout_loops_ring, uniq_maggie
Lair:2:   layout_cave_pods, dummy_snake_entry, basic_altar,
          hangedman_lair_generics_rect
Lair:3:   layout_small_grid, elwin_shoals_entry_stream, gammafunk_ghost_arena,
          dreamdust_deal_with_the_devil, nicolae_lair_lakeside_cave,
          lemuel_fruit_fields, serial_bayou_shore_a, serial_bayou_shore_b,
          serial_bayou_shore_b, infiniplex_staircase_pool_2
Lair:4:   layout_gridlike, minmay_slime_entry_eyes,
          nicolae_volcano_entry_lava_flow, nicolae_lair_grove_arrangements
Lair:5:   evilmike_catoblepas_cave, layout_gridlike, grunt_megastairs_5
Shoals:1: layout_shoals, st_sunken_temple, uniq_mlioglotl
Shoals:2: layout_shoals, st_cyclops, uniq_polyphemus
Shoals:3: layout_shoals, gammafunk_ghost_necromancy
Shoals:4: shoals_end_grunt_ice, layout_shoals, shoals_ilsuiw_ice, uniq_louise
Snake:1:  layout_chambers, lightli_airlock, grunt_megastairs_1, uniq_kirke
Snake:2:  layout_rooms
Snake:3:  layout_chambers, grunt_ministairs_9, uniq_mara, uniq_roxanne,
          uniq_nikola
Snake:4:  snake_pit_salamanders_mu, layout_concentric_octagons, serial_shops,
          nicolae_shop_window_shopping, nicolae_snake_herptile_family_reunion
Slime:1:  layout_caves, cheibrodos_slime_lost_civilization_6
Slime:2:  layout_caves
Slime:3:  layout_caves
Slime:4:  layout_caves
Slime:5
Orc:1:    layout_caves, guppyfry_orc_lava_fort
Orc:2:    grunt_orc_cross, layout_caves, basic_altar, nicolae_orc_lost_temple
Elf:1:    minmay_elf_arrival_circle, layout_loops_cross, gammafunk_ghost_ooze,
          onia_ninara_cookie
Elf:2:    nicolae_elf_blades_splatter_lattice [nicolae_blade_entry_antechamber],
          layout_loops_ring, ebering_ghost_reflecting_pool
Elf:3:    minmay_elf_hall_hex, layout_geoelf_diagonals, serial_shops,
          shop_statue
Vaults:1: dpeg_vaults_hating_casters, ontoclasm_vaults_fault,
          nicolae_vaults_little_squares_2, v_misc_28, vaults_dpeg_diagonal,
          nicolae_vaults_network_periphery, v_misc_30, v_misc_27, v_misc_4,
          layout_vaults_quadrants, uniq_saint_roka
Vaults:2: nicolae_vaults_octagons, v_pattern_3, nicolae_vaults_ninety_degrees,
          vaults_room_boxed, hangedman_vaults_river_flow, v_misc_27,
          nicolae_vaults_theta, v_alt_pattern_6, v_misc_25,
          nicolae_vaults_little_squares_1, layout_vaults_ring
Vaults:3: ontoclasm_vaults_decontamination, vaults_room_door_hall,
          ontoclasm_vaults_chip, v_misc_9, v_pattern_1,
          nicolae_vaults_twisting_passages, nicolae_vaults_little_squares_2,
          nicolae_vaults_hallways_thing, minmay_crypt_entry_simple_sparse,
          v_alt_pattern_6, layout_vaults_chaotic_city, serial_shops,
          nicolae_diamond_shop
Vaults:4: infiniplex_enter_wizlab_glasses, v_pattern_5, v_misc_4,
          ontoclasm_vaults_tryst, nicolae_vaults_an_arrangement,
          nicolae_vaults_little_squares_4, nicolae_vaults_border_crossing,
          v_misc_5, vaults_dpeg_ring, nicolae_vaults_circle_grid_b, v_misc_9,
          hangedman_vaults_snaps, nicolae_vaults_circle_grid_b,
          nicolae_vaults_big_angled_halls, vaults_room_large_hall,
          layout_vaults_maze_bifur, uniq_xtahua
Vaults:5
Depths:1: minmay_the_grid_four_pointed_star
          [minmay_the_grid_triangle_9x9_fully_insulated_deathbox,
          minmay_the_grid_triangle_9x9_from_above,
          minmay_the_grid_triangle_9x9_warning,
          minmay_the_grid_triangle_9x9_pentomino_pain,
          minmay_the_grid_prize_inner_circle], layout_cross, enter_ziggurat_c,
          pf_hell_entry_great_geh, nicolae_diode_stairs
Depths:2: box_level_dp, hell_entry, pan_entry
Depths:3: nicolae_cairo_tiling_large_dashed, layout_cave_shapes, hell_entry,
          rand_demon_pan_entry_5, abyss_entry, nicolae_qazlal_style_of_elements,
          evilmike_ambush [evilmike_ambush_outer_basic,
          evilmike_ambush_inner_cross], infiniplex_staircase_pillars_3b
Depths:4: lemuel_castle_with_subvaults [lemuel_castle_interior_carwin_3],
          layout_honeycomb, doesnt_xom_only_xom, rand_demon_pan_entry_8,
          hell_entry, evilmike_spriggan_trog_shrine, uniq_enchantress, uniq_jory
Zot:1:    layout_gridlike, zot_minivault_1
Zot:2:    layout_twisted_circle, zot_minivault_6, grunt_megastairs_2
Zot:3:    layout_cathedral_of_symmetry, st_stairs_9, hangedman_hellfire_club
Zot:4:    hangedman_zot_vaults_quadrants, layout_concentric_octagons,
          lemuel_baited_zot_trap, skrybe_zot_glass_1, uniq_tiamat

Skill      XL: |  1  2  3  4  5  6  7  8  9 10 11 12 13 14 15 16 17 18 19 20 21 22 23 24 25 26 |
---------------+-------------------------------------------------------------------------------+-----
Conjurations   | 2 3 4 5 6 8 10 12 | 12.0
Spellcasting   | 3 5 6 7 8 10 13 14 | 14.2
Fire Magic     | 4 7 9 10 | 10.0
Shields        | 2 4 6 9 12 13 15 16 17 18 20 24 | 24.1
Dodging        | 3 5 6 7 8 9 10 12 14 15 17 18 20 | 20.0
Fighting       | 3 4 6 9 10 12 14 15 16 17 19 20 | 20.0
Transmutations | 4 7 9 10 14 16 | 16.0
Earth Magic    | 3 8 10 12 14 | 14.0
Unarmed Combat | 6 10 12 14 15 16 17 18 20 | 20.0
Evocations     | 7 |  7.0
Stealth        | |  1.7

Action                   |  1- 3 |  4- 6 |  7- 9 | 10-12 | 13-15 | 16-18 | 19-21 | 22-24 | 25-27 || total
-------------------------+-------+-------+-------+-------+-------+-------+-------+-------+-------++-------
Melee: Hand axe          |    26 |       |       |       |       |       |       |       |       ||    26
       Tailslap          |     6 |     3 |    11 |    17 |    54 |   204 |   222 |   197 |   186 ||   900
       Dagger            |     5 |    22 |       |       |       |       |       |       |       ||    27
       Mace              |       |     3 |    57 |    30 |   253 |    38 |       |       |       ||   381
       Flail             |       |     1 |       |       |       |       |       |       |       ||     1
       Morningstar       |       |       |       |    56 |     6 |       |       |       |       ||    62
       Punch             |       |       |       |     2 |       |    20 |    16 |     9 |     2 ||    49
       Unarmed           |       |       |       |       |       |   832 |  1014 |   811 |   655 ||  3312
       Headbutt          |       |       |       |       |       |   207 |   283 |   243 |   252 ||   985
       Bite              |       |       |       |       |       |    38 |    26 |    15 |     1 ||    80
 Cast: Foxfire           |    51 |    42 |    16 |    12 |    16 |     4 |       |       |       ||   141
       Scorch            |    16 |    80 |   105 |   208 |   455 |   144 |     7 |       |       ||  1015
       Flame Wave        |       |     2 |     6 |    24 |    76 |    14 |       |     1 |       ||   123
       Irradiate         |       |       |       |    56 |   147 |    73 |    71 |    39 |    43 ||   429
       Lee's Rapid Decon |       |       |       |       |     1 |    41 |    46 |    26 |    19 ||   133
       Dragon Form       |       |       |       |       |       |    41 |    25 |    10 |     2 ||    78
       Statue Form       |       |       |       |       |       |    60 |    90 |    68 |    78 ||   296
       Fireball          |       |       |       |       |       |       |    19 |    12 |     2 ||    33
       Iron Shot         |       |       |       |       |       |       |       |     1 |    30 ||    31
 Abil: Breathe Fire      |       |       |    23 |    22 |    35 |     9 |     2 |       |       ||    91
       End Transformatio |       |       |       |       |       |       |     1 |       |       ||     1
Evoke: Wand              |       |       |     2 |     3 |    26 |     6 |     9 |     1 |     5 ||    52
       Box of beasts     |       |       |       |       |     2 |     1 |     1 |       |       ||     4
       Tin of tremorston |       |       |       |       |       |     4 |     4 |     4 |     4 ||    16
       Condenser vane    |       |       |       |       |       |       |       |     3 |     1 ||     4
  Use: Scroll            |       |     3 |     8 |    17 |     8 |     7 |    10 |     6 |    24 ||    83
       Potion            |       |       |     3 |     5 |     7 |    10 |    11 |     1 |    25 ||    62
 Stab: Distracted        |       |       |       |       |     1 |     2 |     2 |     4 |       ||     9
       Petrified         |       |       |       |       |       |     6 |       |       |       ||     6
       Petrifying        |       |       |       |       |       |     1 |       |       |       ||     1
       Sleeping          |       |       |       |       |       |       |     3 |     1 |     1 ||     5
Armor: Skin              |    14 |    23 |    45 |    57 |   200 |   582 |   593 |   432 |   284 ||  2230
Dodge: Dodged            |    42 |    96 |    83 |   245 |   438 |   718 |  1013 |   805 |   726 ||  4166
Block: Other             |       |       |    15 |    61 |     3 |    91 |    41 |     5 |     1 ||   217
       Reflection        |       |       |       |     4 |    53 |    91 |    84 |    24 |    37 ||   293
       Kite shield       |       |       |       |       |   847 |   979 |  1190 |  1026 |   798 ||  4840
       Tower shield      |       |       |       |       |       |       |       |       |   348 ||   348
